Map: Mécanisation EC

Players

Sorandom

  • Race: Zerg Zerg
  • League: Diamond
  • Spawn Location: 9:00

Draco - Winner!

  • Race: Protoss Protoss
  • League: Diamond
  • Spawn Location: 3:00

VOD

Have the link to the VOD?

Description

Time

  • Played on: April 12, 2019, 8:24 p.m.
  • Length: 10:01
Show
View Real Time Build Order
Export as new Build Order

Sorandom Zerg 

Build Orders: Pool First 

Get SALT Encoding   

  12  0:01  Drone  
  13  0:12  Overlord  
  13  0:24  Drone  
  14  0:31  Drone x2  
  14  0:35  Drone  
  17  0:49  Spawning Pool  
  16  0:50  Drone  
  17  1:01  Drone  
  18  1:17  Hatchery  
  17  1:19  Extractor  
  17  1:20  Drone  
  17  1:25  Drone  
  18  1:31  Drone  
  19  1:37  Queen  
  21  1:40  Zergling x2  
  22  1:51  Overlord  
  22  2:13  Queen, Drone x2  
  26  2:23  Drone  
  26  2:24  Metabolic Boost  
  27  2:30  Drone  
  27  2:31  Queen  
  29  2:39  Zergling x2  
  29  2:42  Drone  
  31  2:46  Drone  
  31  2:47  Drone  
  33  2:53  Drone x3  
  36  3:05  Overlord x2  
  36  3:09  Overlord  
  35  3:18  Drone  
  36  3:20  Overlord  
  36  3:21  Overlord  
  35  3:27  Zergling x4  
  35  3:33  Zergling x4  
  38  3:37  Zergling x2  
  39  3:45  Zergling x4  
  41  3:55  Drone x3  
  43  3:56  Drone  
  45  4:06  Roach Warren, Drone x2  
  45  4:07  Evolution Chamber x2  
  44  4:18  Drone x4  
  48  4:25  Lair  
  48  4:39  Extractor  
  48  4:40  Extractor  
  48  4:42  Hatchery, Spore Crawler  
  44  4:46  Drone x3  
  44  4:47  Extractor  
  44  4:49  Drone  
  44  4:52  Drone x2  
  49  4:55  Drone  
  50  5:00  Drone x2  
  50  5:01  Drone  
  53  5:09  Zerg Ground Armor Level 1  
  53  5:10  Drone  
  53  5:11  Drone  
  53  5:13  Drone  
  56  5:22  Zerg Missile Weapons Level 1  
  56  5:23  Roach  
  56  5:25  Roach  
  60  5:29  Overlord  
  60  5:31  Zergling x4  
  62  5:40  Roach x2  
  62  5:41  Spine Crawler  
  64  5:58  Roach  
  64  5:59  Roach x6  
  71  6:11  Zergling x2  
  71  6:12  Zergling x8  
  71  6:16  Queen x2  
  71  6:18  Drone  
  80  6:32  Ravager x2  
  82  6:38  Roach x4  
  82  6:39  Glial Reconstitution  
  89  7:05  Roach x4  
  80  7:10  Roach x5  
  80  7:17  Roach x2  
  80  7:21  Roach  
  82  7:30  Roach x2  
  72  7:38  Drone x3  
  70  7:53  Drone x3  
  70  7:54  Drone  
  70  8:02  Drone  
  66  8:08  Hatchery  
  62  8:13  Drone x3  
  58  8:36  Drone x6  
  64  8:44  Drone x2  
  66  9:00  Roach x3  
  60  9:10  Drone x2  
  60  9:11  Drone  
  60  9:22  Drone x2  
Show
View Real Time Build Order
Export as new Build Order

Draco Protoss - Winner!

Build Orders: 1 Gate Expand 

Get SALT Encoding   

  12  0:01  Probe  
  13  0:13  Probe  
  14  0:20  Pylon  
  14  0:25  Probe  
  15  0:38  Probe  
  15  0:41  Gateway  
  16  0:47  Probe  
  16  0:52  Assimilator  
  16  0:55  Probe  
  18  1:04  Probe  
  19  1:23  Nexus  
  19  1:35  Cybernetics Core  
  19  1:38  Probe  
  20  1:50  Probe  
  21  1:56  Assimilator  
  21  1:57  Pylon  
  21  2:02  Probe  
  21  2:05  Adept  
  22  2:13  Warp Gate  
  22  2:14  Probe  
  25  2:26  Probe  
  26  2:34  Stalker  
  28  2:38  Probe x2  
  30  2:45  Robotics Facility  
  30  2:50  Probe x2  
  32  3:02  Probe x2  
  34  3:12  Gateway  
  33  3:13  Shield Battery  
  33  3:14  Probe x2, Sentry  
  37  3:26  Probe x2, Immortal  
  39  3:38  Probe  
  39  3:39  Probe  
  45  3:49  Twilight Council  
  45  3:50  Probe  
  46  3:57  Pylon  
  46  3:59  Pylon  
  46  4:09  Immortal  
  46  4:11  Resonating Glaives  
  46  4:15  Probe x2  
  48  4:19  Pylon  
  52  4:27  Probe x2  
  54  4:39  Warp Prism, Probe x2  
  54  4:41  Gateway  
  54  4:43  Gateway  
  54  4:44  Gateway  
  58  4:53  Probe  
  58  4:56  Gateway  
  58  4:57  Gateway  
  59  5:05  Pylon  
  59  5:07  Pylon  
  59  5:11  Probe  
  60  5:17  Warp Prism  
  62  5:26  Probe  
  63  5:29  Probe  
  63  5:33  Pylon  
  64  5:47  Zealot  
  64  5:48  Zealot x4  
  70  6:17  Adept x4  
  70  6:18  Adept x3  
  78  6:38  Adept x5  
  78  6:39  Adept x2  
  92  7:05  Immortal  
  90  7:13  Adept  
  90  7:14  Adept x5  
  94  7:17  Probe  
  87  7:37  Adept x3  
  87  7:39  Zealot  
  91  7:48  Pylon  
  91  7:50  Pylon  
  81  7:53  Pylon  
  81  7:55  Pylon  
  81  7:57  Pylon  
  69  8:15  Immortal  
  69  8:18  Probe  
  72  8:22  Adept x6  
  72  8:23  Adept  
  74  8:38  Probe  
  74  8:41  Assimilator  
  67  8:45  Robotics Facility  
  67  8:46  Adept, Assimilator  
  67  8:47  Adept x5  
  67  8:48  Adept  
  81  9:05  Immortal  
  75  9:13  Probe  
  72  9:28  Adept x5  
  72  9:29  Adept x2  
  80  9:54  Stalker x2  
  80  9:55  Stalker x3  
Tags
 
Add a new tag
Caveats
  • Supply blocks, unpowered buildings, or Contaminate may cause inaccurate times.
  • Supply counts are checked every 10 seconds.